 Dungeon Sprint DCSS version 0.19-a0-687-g35db334 (console) character file.

11 rchandra the Cudgeler (level 2, -1/35 HPs)
             Began as an Ogre Monk on June 19, 2016.
             Slain by a human (9 damage)
             ... in the Dungeon (Sprint III: "The Ten Rune Challenge").
             The game lasted 00:00:47 (247 turns).

rchandra the Cudgeler (Ogre Monk)                    Turns: 247, Time: 00:00:48

Health: -1/35      AC:  3    Str: 15    XL:     2   Next: 25%
Magic:  2/2        EV: 10    Int:  9    God:
Gold:   11         SH:  0    Dex: 12    Spells: 0 memorised, 1 level left

rFire  . . .     SeeInvis .     a - +0 mace
rCold  . . .     Gourm    .     b - +0 robe
rNeg   . . .     Faith    .     (no shield)
rPois  .         Spirit   .     (helmet restricted)
rElec  .         Dismiss  .     (no cloak)
rCorr  .         Reflect  .     (gloves unavailable)
SustAt .         Harm     .     (boots unavailable)
MR     .....     NoTele   +     (no amulet)
Stlth  ++........               (no ring)
                                (no ring)

@: not resistant to hostile enchantments, unstealthy
A: unfitting armour, tough skin 1
a: no special abilities


You were in the Dungeon.
You were not hungry.

You visited 1 branch You collected 11 gold pieces.

Inventory:

Hand Weapons
 a - a +0 mace (weapon)
Armour
 b - a +0 robe (worn)
Scrolls
 i - a scroll of blinking
 j - a scroll of immolation {unknown}
Potions
 d - a potion of curing
 f - a potion of haste
 g - 2 potions of magic
 h - a potion of berserk rage
Comestibles
 c - a bread ration
 k - a chunk of flesh


   Skills:
 + Level 5.0 Fighting
 * Level 6.3 Maces & Flails
 - Level 2.6 Dodging
 - Level 1.5 Stealth


You had one spell level left.
You didn't know any spells.

Dungeon Overview and Level Annotations

Branches:
Dungeon (1/1)

Altars:


Innate Abilities, Weirdness & Mutations

You are too large for most types of armour.
You have tough skin. (AC +1)


Message History

You take 6 damage, and have 20/35 hp.
You closely miss the human.
The human is moderately wounded.
The human hits you.
* * * LOW HITPOINT WARNING * * *
The human hits you!
* * * LOW HITPOINT WARNING * * *
You take 15 damage, and have 5/35 hp.
MASSIVE DAMAGE!!
You hit the human.
The human is moderately wounded.
The human barely misses you.
You feel much better. The human barely misses you.
You regained 24 hp, and now have 29/35 hp.
You closely miss the human.
The human is moderately wounded.
The human barely misses you.
You hit the human.
The human is moderately wounded.
The human hits you but does no damage.
You miss the human.
The human is moderately wounded.
The human hits you.
You take 6 damage, and have 24/35 hp.
You thump the human!
The human is heavily wounded.
The human misses you.
You closely miss the human.
The human is heavily wounded.
The human barely misses you.
You hit the human.
The human is severely wounded.
The human hits you!
* * * LOW HITPOINT WARNING * * *
You take 10 damage, and have 14/35 hp.
MASSIVE DAMAGE!!
Unknown command.
You barely miss the human.
The human is severely wounded.
The human hits you!
* * * LOW HITPOINT WARNING * * *
You take 7 damage, and have 7/35 hp.
You barely miss the human.
The human is severely wounded.
The human hits you but does no damage.
You barely miss the human.
The human is severely wounded.
The human hits you but does no damage.
You hit the human.
The human is severely wounded.
The human completely misses you. The human hits you!
You die...

▓▓▓▓▓▓▓▓▓
▓α..#...####
▓...#......##
▓..##.......# .#
▓##.##.##ζ..# .#
##.##.###p.# ..#
▓#.####.##..# ...+
▓.###..##.&##
#...# ▓#.....##..#
#p...#
###..##...##.....#
##..##....#......#
#..###..##.#..h..#
#..# #..#####....#


You could see a human.

Vanquished Creatures
  2 oozes (D)
  2 rats (D)
4 creatures vanquished.

Vanquished Creatures (others)
  A draconian scorcher (D)
  6 hellions (D)
  A yaktaur (D)
  A plant (D)
9 creatures vanquished.

Grand Total: 13 creatures vanquished

Notes
Turn   | Place    | Note
--------------------------------------------------------------
     0 | D        | rchandra the Ogre Monk began the quest for the Orb.
     0 | D        | Reached XP level 1. HP: 24/24 MP: 1/1
    11 | D        | Reached skill level 5 in Maces & Flails
    19 | D        | Reached skill level 5 in Fighting
    19 | D        | Reached skill level 6 in Maces & Flails
    19 | D        | Reached XP level 2. HP: 17/35 MP: 2/2
    84 | D        | Killed a hellion
    93 | D        | Killed a hellion
   117 | D        | Killed a hellion
   121 | D        | Killed a hellion
   122 | D        | Killed a hellion
   129 | D        | Killed a hellion
   170 | D        | Killed a yaktaur
   185 | D        | Killed a white draconian scorcher
   247 | D        | Slain by a human

Vault maps used:
D:        dungeon_sprint_mu

Skill      XL: |  1 |
---------------+----+-----
Maces & Flails | 6 |  6.3
Fighting       | 5 |  5.0
Dodging        | |  2.6
Stealth        | |  1.5

Action                   || total
-------------------------++-------
Melee: Mace              ||    33
  Use: Potion            ||     1
Armor: Robe              ||     5
Dodge: Dodged            ||    17

Vault maps used:
D:        dungeon_sprint_mu
